AoeStats
← NicNic

Arabia

507760847Analyzed
1v1 RM · 12d ago on Sep 19, 2026· 35m 50s· 2 players
Game mode
Random Map
Map size
Tiny (2 player)
Population
200
Speed
Normal
Resources
Standard
Victory
Conquest
Starting age
Dark Age
Ending age
Imperial Age
RankedLock teamsTeams togetherTeam positionsShared explorationLock speedFull tech treeHidden civsTurbo modeCheats
Victory
Defeat
🇫🇷 Lithuanians · France
857
+17
🇦🇷 Poles · Argentina
886
-17
NicNic
8:43 Loom
10:28 Feudal Age
15:33 Castle Age
13:38 Double-Bit Axe
14:43 Horse Collar
21:13 Bow Saw
23:56 Sanctity
23:40 Heavy Plow
25:53 Wheelbarrow
27:31 Hand Cart
29:53 Imperial Age
27:51 Scale Barding Armor
27:49 Gold Mining
29:14 Chain Barding Armor
30:27 Husbandry
30:01 Cavalier
31:13 Bloodlines
32:32 Plate Barding Armor
32:11 Forging
31:58 Paladin
32:57 Stone Mining
33:22 Fletching
35:09 Chemistry
34:46 Iron Casting
35:20 Town Watch
SrAlmendrita
13:46 Loom
18:20 Feudal Age
18:51 Double-Bit Axe
18:49 Horse Collar
19:23 Town Watch
28:29 Castle Age
27:44 Scale Mail Armor
27:54 Forging
29:18 Heavy Plow
29:29 Bow Saw
29:39 Chain Mail Armor
29:59 Iron Casting
29:49 Stone Mining
29:49 Gold Mining
31:59 Iron Casting
32:41 Squires
32:28 Arson
35:33 Fletching
35:44 Padded Archer Armor
Connection lost

Rejoining the realm…

Still unreachable

The connection could not be restored.

Session expired

The server has moved on; the page needs a fresh start.